 Dungeon Crawl Stone Soup version 0.30-a0-358-g0d69a1922f (webtiles) character file.

Game seed: 4501351765458027521

23 koil the Vexing (level 2, 0/20 HPs)
             Began as a Vampire Enchanter on Nov 10, 2022.
             Slain by a jackal (2 damage)
             ... on level 1 of the Dungeon.
             The game lasted 00:01:12 (238 turns).

koil the Vexing (Vampire Enchanter)                  Turns: 238, Time: 00:01:12

Health: 0/20       AC:  2    Str:  7    XL:     2   Next: 75%
Magic:  5/5        EV: 12    Int: 17    God:
Gold:   38         SH:  0    Dex: 14    Spells: 3/5 levels left

rFire   . . .      SeeInvis +    a - +1 dagger
rCold   . . .      Faith    .    (no shield)
rNeg    . . .      Spirit   .    b - +0 robe
rPois   .          Reflect  .    (no helmet)
rElec   .          Harm     .    (no cloak)
rCorr   .          Rampage  .    (no gloves)
Will    .....                    (no boots)
Stlth   +++.......               (no amulet)
HPRegen 0.43/turn                (no ring)
MPRegen 0.09/turn                (no ring)

@: healing quickly
A: alive, fangs 3, see invisible, vampiric 1
a: Exsanguinate


You were on level 1 of the Dungeon.
You visited 1 branch of the dungeon, and saw 1 of its levels.

You collected 38 gold pieces.

Inventory:

Hand Weapons
 a - a +1 dagger (weapon)
Armour
 b - a +0 robe (worn)
Scrolls
 d - a scroll of vulnerability {unknown}
Potions
 c - 2 potions of invisibility


   Skills:
 + Level 0.4 Fighting
 + Level 1.6 Short Blades
 + Level 0.4 Armour
 + Level 2.4 Dodging
 + Level 4.6 Stealth
 + Level 2.1 Spellcasting
 + Level 4.6 Hexes


You had 3 spell levels left.
You knew the following spells:

 Your Spells              Type           Power      Damage    Failure   Level
a - Ensorcelled Hibernat  Hex/Ice        18%        N/A       11%         2

Your spell library contained the following spells:

 Spells                   Type           Power      Damage    Failure   Level
 Confusing Touch          Hex            17%        N/A       9%          3
 Tukima's Dance           Hex            17%        N/A       9%          3
 Dazzling Flash           Conj/Hex       18%        N/A       22%         3


Dungeon Overview and Level Annotations

Branches:
Dungeon (1/15)

Altars:


Innate Abilities, Weirdness & Mutations

Your natural rate of healing is accelerated.
You have razor-sharp teeth.
You have supernaturally acute eyesight. (SInv)
You are afflicted with vampirism.


Message History

You are frozen.
The endoplasm hits you.
You are too injured to fight recklessly!
You are too injured to fight recklessly!
You are too injured to fight recklessly!
You hit the endoplasm.
You kill the endoplasm!
The jackal bites you. The jackal closely misses you.
You hit the endoplasm.
The endoplasm is severely wounded.
The jackal bites you but does no damage.
The endoplasm closely misses you. The jackal closely misses you.
You barely miss the endoplasm.
The endoplasm is severely wounded.
The endoplasm closely misses you.
The jackal bites you but does no damage.
You hit the endoplasm but do no damage.
The endoplasm is severely wounded.
The jackal misses you. The endoplasm freezes you.
You are frozen.
* * * LOW HITPOINT WARNING * * *
You hit the endoplasm.
You kill the endoplasm!
The jackal bites you.
* * * LOW HITPOINT WARNING * * *
The jackal bites you.
* * * LOW HITPOINT WARNING * * *
The jackal bites you.
* * * LOW HITPOINT WARNING * * *
You hit the jackal but do no damage. The jackal misses you.
You barely miss the jackal. Your punch misses the jackal.
Your bite misses the jackal. The jackal barely misses you.
The jackal closely misses you.
You hit the jackal but do no damage. You bite the jackal, but do no damage.
The jackal misses you.
You barely miss the jackal. The jackal bites you.
* * * LOW HITPOINT WARNING * * *
You barely miss the jackal. The jackal bites you.
You die...

.†...# ..$. .)†..###..
########### ..)......#
#.........###
......#######...........#
.....................$#..
#........................
#...[...........8.....8..
#..[.....................
####............@h>)....#
#.........^...........#
###.#...................#
#...#########...!.......#
..### ##..8[....8.# .##
#..........# ##
############ # #


You could see a jackal.

Vanquished Creatures
  2 dart slugs (D:1)
  2 endoplasms (D:1)
  A goblin (D:1)
  A hobgoblin (D:1)
  2 jackals (D:1)
  A quokka (D:1)
  A ball python (D:1)
  5 bats (D:1)
  2 kobolds (D:1)
  A rat (D:1)
18 creatures vanquished.

Notes
Turn   | Place    | Note
-------+----------+-------------------------------------------
     0 | D:1      | koil the Vampire Enchanter began the quest for the Orb.
     0 | D:1      | Reached XP level 1. HP: 13/13 MP: 3/3
     7 | D:1      | Noticed a black bear
     7 | D:1      | Noticed a snapping turtle
     7 | D:1      | Noticed a swamp drake
     7 | D:1      | Noticed an anaconda
   106 | D:1      | Reached XP level 2. HP: 17/19 MP: 5/5
   119 | D:1      | Learned a level 2 spell: Ensorcelled Hibernation
   232 | D:1      | HP: 3/20 [jackal (2)]
   237 | D:1      | HP: 1/20 [jackal (2)]
   238 | D:1      | Slain by a jackal

Illustrated notes

Levels and vault maps discovered:
D:1:      onia_arrival_zoo_common, layout_basic, serial_shops, shop,
          st_stairs_1, chequers_serial_rivers_micro_c

Action                   || total
-------------------------++-------
Melee: Dagger            ||    82
       Bite              ||     7
Armor: Robe              ||    24
Dodge: Dodged            ||    82

Table legend: (Time is in decaauts)
 A = Elapsed time spent in this place.
 B = Non-inter-level travel time spent in this place.
 C = Inter-level travel time spent in this place.
 D = Time resting spent in this place.
 E = Time spent auto-exploring this place.
 F = Levels seen in this place.
 G = Mean time per level.
                   A        B        C        D        E       F      G
               +--------+--------+--------+--------+--------+-----+--------+
         Total |    232 |    232 |      0 |      0 |     87 |   1 |  232.0 |
       Dungeon |    232 |    232 |      0 |      0 |     87 |   1 |  232.0 |
               +--------+--------+--------+--------+--------+-----+--------+

Top non-repeatable levels by time:
     D:1: 232 daAuts
